[Event "GambitGuide"]
[Site "Internet Chess Club"]
[Date "2014.10.31"]
[Round "1"]
[White "JSBach"]
[Black "Darienor"]
[Result "0-1"]
[ICCResult "White checkmated"]
[WhiteElo "1642"]
[BlackElo "2708"]
[Opening "Vienna: `Frankenstein-Dracula' variation"]
[ECO "C27"]
[NIC "VG.02"]
[Time "15:48:53"]
[TimeControl "120+12"]

1. e4 e5 2. Nc3 Nf6 3. Bc4 Nxe4 4. Qh5 Nd6 5. Bb3 Nc6 6. Nb5 g6 7. Qf3 f5 8.
Qd5 Qe7 9. Nxc7+ Kd8 10. Nxa8 b6 11. d3 Bb7 12. Nxb6 axb6 13. Qf3 Bg7 14.
Be3 Nd4 15. Qh3 g5 16. Rc1 h5 17. Bc4 g4 18. Qg3 f4 19. c3 fxg3 20. cxd4
exd4 21. hxg3 dxe3 22. fxe3 Qxe3+ 23. Ne2 Bxg2 24. Rh2 Bf3 25. Rc2 Nf5 26.
Ba6 Nd4 27. Rc8+ Ke7 28. Rxh8 Bxh8 29. Bc4 Nxe2 30. d4 Nxd4+ 31. Kf1 Qc1+
32. Kf2 Qxb2+ 33. Kg1 Qa1+ 34. Kf2 Qc1 35. Bf1 Qd2+ 36. Kg1 Qe3+ 37. Rf2
Ne2+ 38. Bxe2 Bd4 39. Bxf3 Qxf2+ 40. Kh1 Qg1# {White checkmated} 0-1

[Event "GambitGuide"]
[Site "Internet Chess Club"]
[Date "2014.10.31"]
[Round "1"]
[White "JSBach"]
[Black "Zhbugnoimt"]
[Result "0-1"]
[ICCResult "White checkmated"]
[WhiteElo "1642"]
[BlackElo "1680"]
[Opening "Vienna: `Frankenstein-Dracula' variation"]
[ECO "C27"]
[NIC "VG.02"]
[Time "15:49:11"]
[TimeControl "120+12"]

1. e4 e5 2. Nc3 Nf6 3. Bc4 Nxe4 4. Qh5 Nd6 5. Bb3 Nc6 6. Nb5 g6 7. Qf3 f5 8.
Qd5 Qe7 9. Nxc7+ Kd8 10. Nxa8 b6 11. d3 Bb7 12. Nxb6 axb6 13. Qf3 Nd4 14.
Qg3 f4 15. Qg4 Qf6 16. Ba4 N6f5 17. c3 h5 18. Qh3 g5 19. cxd4 g4 20. Bxf4
exf4 21. Bc6 Bxc6 22. d5 Bxd5 23. Qxh5 Rxh5 24. Ne2 Bb4+ 25. Kf1 Qxb2 26.
Rc1 f3 27. gxf3 gxf3 28. Re1 Bxe1 29. Kg1 Qxe2 30. h3 Qxf2# {White
checkmated} 0-1

[Event "GambitGuide"]
[Site "Internet Chess Club"]
[Date "2014.10.31"]
[Round "1"]
[White "JSBach"]
[Black "kevinjkg"]
[Result "1-0"]
[ICCResult "Black checkmated"]
[WhiteElo "1642"]
[BlackElo "1835"]
[Opening "Vienna: `Frankenstein-Dracula' variation"]
[ECO "C27"]
[NIC "VG.02"]
[Time "15:49:28"]
[TimeControl "120+12"]

1. e4 e5 2. Nc3 Nf6 3. Bc4 Nxe4 4. Qh5 Nd6 5. Bb3 Nc6 6. Nb5 g6 7. Qf3 f5 8.
Qd5 Qe7 9. Nxc7+ Kd8 10. Nxa8 b6 11. d3 Bb7 12. Nxb6 axb6 13. Qf3 e4 14. Qe3
Bg7 15. Qxb6+ Kc8 16. Ne2 exd3 17. cxd3 Nd4 18. Be3 Nxe2 19. Kxe2 f4 20.
Rac1+ Kb8 21. Qa7# {Black checkmated} 1-0

[Event "GambitGuide"]
[Site "Internet Chess Club"]
[Date "2014.10.31"]
[Round "1"]
[White "JSBach"]
[Black "Darienor"]
[Result "0-1"]
[ICCResult "White checkmated"]
[WhiteElo "1642"]
[BlackElo "2708"]
[Opening "Vienna: `Frankenstein-Dracula' variation"]
[ECO "C27"]
[NIC "VG.02"]
[Time "15:49:30"]
[TimeControl "120+12"]

1. e4 e5 2. Nc3 Nf6 3. Bc4 Nxe4 4. Qh5 Nd6 5. Bb3 Nc6 6. Nb5 g6 7. Qf3 f5 8.
Qd5 Qe7 9. Nxc7+ Kd8 10. Nxa8 b6 11. d3 Bb7 12. Nxb6 axb6 13. Qf3 Bg7 14.
Be3 Nd4 15. Qh3 g5 16. Rc1 h5 17. Bc4 g4 18. Qg3 f4 19. c3 fxg3 20. cxd4
exd4 21. hxg3 dxe3 22. Ne2 exf2+ 23. Kxf2 Bxg2 24. Rhe1 Bf3 25. Nf4 Bd4+ 26.
Kf1 Qg5 27. Rc2 h4 28. Ne2 hxg3 29. Nxg3 Qh4 30. Re3 Qxg3 31. Rh2 Rxh2 32.
Re8+ Kc7 33. Rc8+ Kb7 34. Ba6+ Ka7 35. Ra8+ Kxa8 36. Bb7+ Kb8 37. Bxf3 Qf2#
{White checkmated}
0-1

[Event "GambitGuide"]
[Site "Internet Chess Club"]
[Date "2014.10.31"]
[Round "1"]
[White "JSBach"]
[Black "Diracie"]
[Result "1-0"]
[ICCResult "Black resigns"]
[WhiteElo "1642"]
[BlackElo "1437"]
[Opening "Vienna: `Frankenstein-Dracula' variation"]
[ECO "C27"]
[NIC "VG.02"]
[Time "15:49:35"]
[TimeControl "120+12"]

1. e4 e5 2. Nc3 Nf6 3. Bc4 Nxe4 4. Qh5 Nd6 5. Bb3 Nc6 6. Nb5 g6 7. Qf3 f5 8.
Qd5 Qe7 9. Nxc7+ Kd8 10. Nxa8 b6 11. d3 Nb4 12. Bg5 Qxg5 13. Qxe5 Nf7 14.
Qc7+ Ke7 15. Kf1 Bg7 16. Re1+ {Black resigns} 1-0

[Event "GambitGuide"]
[Site "Internet Chess Club"]
[Date "2014.10.31"]
[Round "1"]
[White "JSBach"]
[Black "DOXDURAN"]
[Result "1-0"]
[ICCResult "Black checkmated"]
[WhiteElo "1642"]
[BlackElo "1600"]
[Opening "Vienna: `Frankenstein-Dracula' variation"]
[ECO "C27"]
[NIC "VG.02"]
[Time "15:49:47"]
[TimeControl "120+12"]

1. e4 e5 2. Nc3 Nf6 3. Bc4 Nxe4 4. Qh5 Nd6 5. Bb3 Nc6 6. Nb5 g6 7. Qf3 f5 8.
Qd5 Qe7 9. Nxc7+ Kd8 10. Nxa8 b6 11. d3 Bb7 12. Nxb6 axb6 13. Qf3 Bg7 14.
Be3 f4 15. Bxb6+ Kc8 16. Qd5 Na5 17. Qxa5 Bxg2 18. Qc5+ Kb7 19. Qc7+ Ka8 20.
Qa7# {Black checkmated} 1-0

[Event "GambitGuide"]
[Site "Internet Chess Club"]
[Date "2014.10.31"]
[Round "1"]
[White "JSBach"]
[Black "nsideurheadbro"]
[Result "1-0"]
[ICCResult "Black resigns"]
[WhiteElo "1642"]
[BlackElo "1184"]
[Opening "Vienna: `Frankenstein-Dracula' variation"]
[ECO "C27"]
[NIC "VG.02"]
[Time "15:48:16"]
[TimeControl "120+12"]

1. e4 e5 2. Nc3 Nf6 3. Bc4 Nxe4 4. Qh5 Nd6 5. Bb3 Nc6 6. Nb5 g6 7. Qf3 f5 8.
Qd5 Qe7 9. Nxc7+ Kd8 10. Nxa8 b6 11. d3 Bb7 12. Nxb6 axb6 13. Qf3 h6 14. Qg3
e4 15. Be3 g5 16. Bxb6+ Kc8 17. Ne2 f4 18. Qh3 exd3 19. cxd3 Bg7 20. Rc1 Kb8
21. Rc2 Nd4 22. Bxd4 Bxd4 23. O-O Bb6 24. Ba4 f3 25. gxf3 Qf6 26. Qxd7 Qxf3
27. Qxd6+ Ka8 28. Bc6 Rd8 29. Qa3+ Kb8 30. Bxf3 {Black resigns} 1-0

[Event "GambitGuide"]
[Site "Internet Chess Club"]
[Date "2014.10.31"]
[Round "1"]
[White "JSBach"]
[Black "TwoEqualsOne"]
[Result "1-0"]
[ICCResult "Black resigns"]
[WhiteElo "1642"]
[BlackElo "1455"]
[Opening "Vienna: `Frankenstein-Dracula' variation"]
[ECO "C27"]
[NIC "VG.02"]
[Time "15:50:06"]
[TimeControl "120+12"]

1. e4 e5 2. Nc3 Nf6 3. Bc4 Nxe4 4. Qh5 Nd6 5. Bb3 Nc6 6. Nb5 g6 7. Qf3 f5 8.
Qd5 Qe7 9. Nxc7+ Kd8 10. Nxa8 b6 11. d3 Bb7 12. Nxb6 axb6 13. Qf3 Nd4 14.
Qg3 Nxb3 15. axb3 f4 16. Qh3 Nf5 17. Ra7 Kc7 18. Qf3 {Black resigns} 1-0

[Event "GambitGuide"]
[Site "Internet Chess Club"]
[Date "2014.10.31"]
[Round "1"]
[White "JSBach"]
[Black "Darienor"]
[Result "0-1"]
[ICCResult "White checkmated"]
[WhiteElo "1642"]
[BlackElo "2708"]
[Opening "Vienna: `Frankenstein-Dracula' variation"]
[ECO "C27"]
[NIC "VG.02"]
[Time "15:50:15"]
[TimeControl "120+12"]

1. e4 e5 2. Nc3 Nf6 3. Bc4 Nxe4 4. Qh5 Nd6 5. Bb3 Nc6 6. Nb5 g6 7. Qf3 f5 8.
Qd5 Qe7 9. Nxc7+ Kd8 10. Nxa8 b6 11. d3 Bb7 12. Nxb6 axb6 13. Qf3 Bg7 14.
Be3 Nd4 15. Qh3 g5 16. c3 h5 17. cxd4 g4 18. Qg3 f4 19. dxe5 fxg3 20. exd6
gxf2+ 21. Kxf2 Rf8+ 22. Nf3 Qxd6 23. Bg5+ Kc8 24. Rac1+ Kb8 25. Rhe1 gxf3
26. g3 Bd4+ 27. Kf1 f2 28. Re2 Qg6 29. Be7 Qxd3 30. Bd6+ Ka7 31. Bxf8 Bg2+
32. Kxg2 Qxe2 33. Rf1 Qe4+ 34. Kh3 Qf5+ 35. Kg2 Qxf8 36. Bd1 Qc5 37. b4 Qd5+
38. Bf3 Qxa2 39. Bxh5 Qb3 40. Rc1 Qxb4 41. Rc7+ Kb8 42. Rc2 Bc5 43. Re2 Qd4
44. Re8+ Kc7 45. Be2 Qd2 46. h4 Qe1 47. g4 Qg1+ 48. Kf3 f1=Q+ 49. Bxf1 Qxf1+
50. Ke4 Qe2+ 51. Kf5 Qxe8 52. h5 Bd4 53. g5 Qe5+ 54. Kg4 Qe4+ 55. Kg3 b5 56.
Kh2 b4 57. Kg3 b3 58. g6 b2 59. g7 b1=Q 60. h6 Qbd3+ 61. Kh2 Qh4+ 62. Kg2
Qe2# {White checkmated} 0-1

[Event "GambitGuide"]
[Site "Internet Chess Club"]
[Date "2014.10.31"]
[Round "1"]
[White "JSBach"]
[Black "jojonini"]
[Result "1-0"]
[ICCResult "Black resigns"]
[WhiteElo "1642"]
[BlackElo "1383"]
[Opening "Vienna: `Frankenstein-Dracula' variation"]
[ECO "C27"]
[NIC "VG.02"]
[Time "15:47:56"]
[TimeControl "120+12"]

1. e4 e5 2. Nc3 Nf6 3. Bc4 Nxe4 4. Qh5 Nd6 5. Bb3 Nc6 6. Nb5 g6 7. Qf3 f5 8.
Qd5 Qe7 9. Nxc7+ Kd8 10. Nxa8 b6 11. d3 Bb7 12. Nxb6 axb6 13. Qf3 e4 14.
dxe4 Nd4 15. Qd3 Nxb3 16. Qxb3 Nxe4 17. Qxb6+ Kc8 18. Be3 Qb4+ 19. Qxb4
Bxb4+ 20. c3 Nxc3 21. a3 Ba5 22. Nf3 Ne4+ 23. b4 Bc7 24. Bd4 Re8 25. O-O Kb8
26. b5 Ba5 27. Rfc1 g5 28. h4 g4 29. Ne5 Re7 30. Nc4 Bc7 31. b6 Bf4 32. Be3
Bxe3 33. Nxe3 g3 34. fxg3 Nxg3 35. Re1 Rg7 36. a4 f4 37. Nc4 f3 38. Re8+ Bc8
39. Nd6 Ne2+ 40. Kf2 {Black resigns} 1-0

[Event "GambitGuide"]
[Site "Internet Chess Club"]
[Date "2014.10.31"]
[Round "1"]
[White "JSBach"]
[Black "Ross2012"]
[Result "0-1"]
[ICCResult "White checkmated"]
[WhiteElo "1642"]
[BlackElo "1541"]
[Opening "Vienna: `Frankenstein-Dracula' variation"]
[ECO "C27"]
[NIC "VG.02"]
[Time "15:49:02"]
[TimeControl "120+12"]

1. e4 e5 2. Nc3 Nf6 3. Bc4 Nxe4 4. Qh5 Nd6 5. Bb3 Nc6 6. Nb5 g6 7. Qf3 f5 8.
Qd5 Qe7 9. Nxc7+ Kd8 10. Nxa8 b6 11. d3 Bb7 12. Nxb6 axb6 13. Qf3 Nd4 14.
Qh3 h5 15. Be3 Bh6 16. Bxh6 Rxh6 17. Qe3 f4 18. Qh3 g5 19. f3 Bd5 20. Kd1
N6f5 21. Bxd5 Qb4 22. c3 Qxb2 23. cxd4 Ne3+ 24. Ke1 Qxa1+ 25. Kd2 Qb2+ 26.
Ke1 Qc1+ 27. Ke2 Qd1+ 28. Kf2 Qf1# {White checkmated} 0-1

[Event "GambitGuide"]
[Site "Internet Chess Club"]
[Date "2014.10.31"]
[Round "1"]
[White "JSBach"]
[Black "tactics321"]
[Result "1/2-1/2"]
[ICCResult "White stalemated"]
[WhiteElo "1642"]
[BlackElo "1943"]
[Opening "Vienna: `Frankenstein-Dracula' variation"]
[ECO "C27"]
[NIC "VG.02"]
[Time "15:49:33"]
[TimeControl "120+12"]

1. e4 e5 2. Nc3 Nf6 3. Bc4 Nxe4 4. Qh5 Nd6 5. Bb3 Nc6 6. Nb5 g6 7. Qf3 f5 8.
Qd5 Qe7 9. Nxc7+ Kd8 10. Nxa8 b6 11. d3 Bb7 12. Nxb6 axb6 13. Qf3 Nd4 14.
Qg3 f4 15. Qg4 N6f5 16. c3 Nxb3 17. axb3 Qf6 18. Ra7 h5 19. Qh3 g5 20. Rxb7
g4 21. Rb8+ Kc7 22. Rxb6 Qxb6 23. Bxf4 exf4 24. Qxg4 hxg4 25. b4 Bxb4 26.
cxb4 Qxb4+ 27. Kd1 Re8 28. Ne2 f3 29. gxf3 gxf3 30. Nc3 Nd4 31. Nd5+ Kd6 32.
Nxb4 Re2 33. Rf1 Rxb2 34. Kc1 Rxb4 35. h3 Ke5 36. Re1+ Kf4 37. Re7 d5 38. h4
Kg4 39. Rh7 Ne2+ 40. Kd1 Rb1+ 41. Kd2 Rf1 42. Rg7+ Kxh4 43. Ke3 Ng1 44. Rh7+
Kg4 45. Rg7+ Kf5 46. Rd7 Ke6 47. Rg7 Re1+ 48. Kf4 Kd6 49. Rg8 Kc5 50. Rg7
Kd4 51. Rd7 Re2 52. Kg3 Rd2 53. Rd6 Rxd3 54. Rb6 Ne2+ 55. Kg4 Ke4 56. Re6+
Kd4 57. Rf6 Rd2 58. Rxf3 Rd3 59. Rf8 Kc4 60. Rc8+ Kb3 61. Rb8+ Kc2 62. f4 d4
63. Kf5 Rf3 64. Ke5 Rxf4 65. Rc8+ Kd2 66. Rc5 d3 67. Ra5 Rc4 68. Ra6 Rc2 69.
Ra5 Ke3 70. Rd5 d2 71. Kf5 Rc1 72. Ke5 d1=Q 73. Rxd1 Rxd1 74. Kf6 Rd5 75.
Kf7 Ke4 76. Kg7 Rf5 77. Kg6 Ke5 78. Kh6 Kf6 79. Kh7 Nf4 80. Kg8 Ke7 81. Kg7
Rh5 82. Kg8 Kf6 83. Kf8 Rh7 84. Ke8 Rf7 85. Kd8 Re7 86. Kc8 Ke6 87. Kd8 Kd6
88. Kc8 Rd7 89. Kb8 Rc7 90. Ka8 Kc6 91. Kb8 Kb6 92. Ka8 Rb7 {White
stalemated} 1/2-1/2

[Event "GambitGuide"]
[Site "Internet Chess Club"]
[Date "2014.10.31"]
[Round "1"]
[White "JSBach"]
[Black "Darienor"]
[Result "1-0"]
[ICCResult "Black checkmated"]
[WhiteElo "1642"]
[BlackElo "2708"]
[Opening "Vienna: `Frankenstein-Dracula' variation"]
[ECO "C27"]
[NIC "VG.02"]
[Time "15:51:26"]
[TimeControl "120+12"]

1. e4 e5 2. Nc3 Nf6 3. Bc4 Nxe4 4. Qh5 Nd6 5. Bb3 Nc6 6. Nb5 g6 7. Qf3 f5 8.
Qd5 Qe7 9. Nxc7+ Kd8 10. Nxa8 b6 11. d3 Bb7 12. Nxb6 axb6 13. Qf3 Bg7 14.
Qh3 g5 15. Qe3 Kc7 16. Qxg5 Bf6 17. Qg3 f4 18. Qg4 h5 19. Qg6 Rh7 20. Qg8
Rg7 21. Qh8 Nd4 22. h3 Rxg2 23. Qxh5 Bh4 24. c3 Bxf2+ 25. Kf1 Nxb3 26. axb3
Bg3 27. Ne2 Rf2+ 28. Kg1 Bxh1 29. Kxh1 Qe6 30. Nxg3 Qd5+ 31. Ne4 Nxe4 32.
Ra7+ Kb8 33. Kg1 Rc2 34. Ra1 Ng3 35. Qe8+ Kc7 36. Ra7+ Kd6 37. Qxd7+ Kc5 38.
b4# {Black checkmated} 1-0

[Event "GambitGuide"]
[Site "Internet Chess Club"]
[Date "2014.10.31"]
[Round "1"]
[White "JSBach"]
[Black "SacaSangre"]
[Result "1-0"]
[ICCResult "Black resigns"]
[WhiteElo "1642"]
[BlackElo "1400"]
[Opening "Vienna: `Frankenstein-Dracula' variation"]
[ECO "C27"]
[NIC "VG.02"]
[Time "15:48:33"]
[TimeControl "120+12"]

1. e4 e5 2. Nc3 Nf6 3. Bc4 Nxe4 4. Qh5 Nd6 5. Bb3 Nc6 6. Nb5 g6 7. Qf3 f5 8.
Qd5 Qe7 9. Nxc7+ Kd8 10. Nxa8 b6 11. d3 Bb7 12. Nxb6 axb6 13. Qf3 Nd4 14.
Qg3 Nxb3 15. axb3 Ke8 16. Bg5 Qe6 17. Bd2 Nb5 18. Ne2 Nd4 19. Nxd4 exd4+ 20.
Kf1 Kf7 21. Re1 Qd6 22. Re5 Qf6 23. Bg5 Qc6 24. Re2 Bd6 25. Qh3 h6 26. Rg1
Kg7 27. Be7 Bxe7 28. Rxe7+ Kf6 29. Qh4+ g5 30. Qxd4+ Kxe7 31. Qg7+ Kd6 32.
Qxh8 Qxc2 33. Qf6+ Kc7 34. Qc3+ {Black resigns} 1-0

[Event "GambitGuide"]
[Site "Internet Chess Club"]
[Date "2014.10.31"]
[Round "1"]
[White "JSBach"]
[Black "jojonini"]
[Result "1-0"]
[ICCResult "Black resigns"]
[WhiteElo "1642"]
[BlackElo "1383"]
[Opening "Vienna: `Frankenstein-Dracula' variation"]
[ECO "C27"]
[NIC "VG.02"]
[Time "15:51:34"]
[TimeControl "120+12"]

1. e4 e5 2. Nc3 Nf6 3. Bc4 Nxe4 4. Qh5 Nd6 5. Bb3 Nc6 6. Nb5 g6 7. Qf3 f5 8.
Qd5 Qe7 9. Nxc7+ Kd8 10. Nxa8 b6 11. d3 Bb7 12. Nxb6 axb6 13. Qf3 Na5 14.
Qh3 Nxb3 15. axb3 e4 16. d4 Bd5 17. c4 Bb7 18. c5 bxc5 19. dxc5 Nc8 20. Qc3
Bc6 21. Qxh8 {Black resigns} 1-0

[Event "GambitGuide"]
[Site "Internet Chess Club"]
[Date "2014.10.31"]
[Round "1"]
[White "JSBach"]
[Black "nsideurheadbro"]
[Result "1-0"]
[ICCResult "Black resigns"]
[WhiteElo "1642"]
[BlackElo "1184"]
[Opening "Vienna: `Frankenstein-Dracula' variation"]
[ECO "C27"]
[NIC "VG.02"]
[Time "15:51:24"]
[TimeControl "120+12"]

1. e4 e5 2. Nc3 Nf6 3. Bc4 Nxe4 4. Qh5 Nd6 5. Bb3 Nc6 6. Nb5 g6 7. Qf3 f5 8.
Qd5 Qe7 9. Nxc7+ Kd8 10. Nxa8 b6 11. d3 Bb7 12. Nxb6 axb6 13. Qf3 f4 14. Bd2
Nf7 15. Qe4 Na5 16. Qa4 Bc6 17. Qa3 Qg5 18. Bb4 Bxb4+ 19. Qxb4 Qxg2 20. Bxf7
Qxh1 21. Qxb6+ Ke7 22. O-O-O Nb7 23. Bc4 Qxh2 24. Qc7 Qxf2 25. Qxe5+ Kd8 26.
Qxh8+ Kc7 27. Qxh7 Qe3+ 28. Kb1 f3 29. Rf1 f2 30. Qh2+ Nd6 31. Qxf2 Qxf2 32.
Rxf2 g5 33. b4 g4 34. a3 g3 35. Re2 g2 36. Bb3 Nb5 37. Kb2 Nd4 38. Rf2
{Black resigns}
1-0

[Event "GambitGuide"]
[Site "Internet Chess Club"]
[Date "2014.10.31"]
[Round "1"]
[White "JSBach"]
[Black "Darienor"]
[Result "0-1"]
[ICCResult "White checkmated"]
[WhiteElo "1642"]
[BlackElo "2708"]
[Opening "Vienna: `Frankenstein-Dracula' variation"]
[ECO "C27"]
[NIC "VG.02"]
[Time "15:52:41"]
[TimeControl "120+12"]

1. e4 e5 2. Nc3 Nf6 3. Bc4 Nxe4 4. Qh5 Nd6 5. Bb3 Nc6 6. Nb5 g6 7. Qf3 f5 8.
Qd5 Qe7 9. Nxc7+ Kd8 10. Nxa8 b6 11. d3 Bb7 12. Nxb6 axb6 13. Qf3 Bg7 14.
Qg3 f4 15. Qg4 g5 16. Nf3 Bf6 17. Qh5 e4 18. dxe4 Qxe4+ 19. Kf1 Ba6+ 20. Kg1
Ne5 21. Bd2 Nxf3+ 22. gxf3 Qf5 23. Re1 Bd4 24. c3 Bc5 25. h4 Qd3 26. Qxg5+
Kc7 27. Qxf4 Rf8 28. Qxf8 Qxd2 29. Kg2 Qxf2+ 30. Kh3 Ne4 31. Qf4+ Bd6 32.
Qg4 Nf6 33. Qg2 Qc5 34. Qg5 Qf2 35. Bd1 Nh5 36. Kg4 Bd3 37. Ba4 Qg3+ 38.
Kxh5 Bg6+ 39. Kh6 Bf8# {White checkmated} 0-1

[Event "GambitGuide"]
[Site "Internet Chess Club"]
[Date "2014.10.31"]
[Round "1"]
[White "JSBach"]
[Black "jojonini"]
[Result "1-0"]
[ICCResult "Black resigns"]
[WhiteElo "1642"]
[BlackElo "1383"]
[Opening "Vienna: `Frankenstein-Dracula' variation"]
[ECO "C27"]
[NIC "VG.02"]
[Time "15:53:24"]
[TimeControl "120+12"]

1. e4 e5 2. Nc3 Nf6 3. Bc4 Nxe4 4. Qh5 Nd6 5. Bb3 Nc6 6. Nb5 g6 7. Qf3 f5 8.
Qd5 Qe7 9. Nxc7+ Kd8 10. Nxa8 b6 11. d3 Bb7 12. Nxb6 axb6 13. Qf3 Na5 14.
Qe3 Nxb3 15. axb3 Kc7 16. Nf3 e4 17. dxe4 Nxe4 18. O-O h5 19. Re1 g5 20.
Nxg5 Bh6 21. Qd4 Rg8 22. Qc4+ Kd8 23. Qxg8+ {Black resigns} 1-0

[Event "GambitGuide"]
[Site "Internet Chess Club"]
[Date "2014.10.31"]
[Round "1"]
[White "JSBach"]
[Black "robbe"]
[Result "1-0"]
[ICCResult "Black resigns"]
[WhiteElo "1642"]
[BlackElo "1327"]
[Opening "Vienna: `Frankenstein-Dracula' variation"]
[ECO "C27"]
[NIC "VG.02"]
[Time "15:53:19"]
[TimeControl "120+12"]

1. e4 e5 2. Nc3 Nf6 3. Bc4 Nxe4 4. Qh5 Nd6 5. Bb3 Nc6 6. Nb5 g6 7. Qf3 f5 8.
Qd5 Qe7 9. Nxc7+ Kd8 10. Nxa8 b6 11. d3 Bb7 12. Nxb6 axb6 13. Qf3 Bg7 14.
Be3 Kc7 15. Bd5 Re8 16. Ne2 e4 17. Qf4 Be5 18. Qh6 f4 19. Nxf4 Bxf4 20. Qxf4
exd3 21. cxd3 Kc8 22. Rc1 Nf5 23. Qe4 Qd6 24. Qxe8+ {Black resigns} 1-0

[Event "GambitGuide"]
[Site "Internet Chess Club"]
[Date "2014.10.31"]
[Round "1"]
[White "JSBach"]
[Black "VendingMachine"]
[Result "1-0"]
[ICCResult "Black resigns"]
[WhiteElo "1642"]
[BlackElo "1341"]
[Opening "Vienna: `Frankenstein-Dracula' variation"]
[ECO "C27"]
[NIC "VG.02"]
[Time "15:54:22"]
[TimeControl "120+12"]

1. e4 e5 2. Nc3 Nf6 3. Bc4 Nxe4 4. Qh5 Nd6 5. Bb3 Nc6 6. Nb5 g6 7. Qf3 f5 8.
Qd5 Qe7 9. Nxc7+ Kd8 10. Nxa8 b6 11. d3 Nd4 12. Nh3 Bb7 13. Bg5 Bxd5 14.
Bxe7+ Bxe7 15. Bxd5 Nxc2+ 16. Kd2 Nxa1 17. Rxa1 Bf6 18. Rc1 Nb5 19. a4 Nd4
20. Rc7 {Black resigns} 1-0

[Event "GambitGuide"]
[Site "Internet Chess Club"]
[Date "2014.10.31"]
[Round "1"]
[White "JSBach"]
[Black "Darienor"]
[Result "1-0"]
[ICCResult "Black resigns"]
[WhiteElo "1642"]
[BlackElo "2708"]
[Opening "Vienna: `Frankenstein-Dracula' variation"]
[ECO "C27"]
[NIC "VG.02"]
[Time "15:54:27"]
[TimeControl "120+12"]

1. e4 e5 2. Nc3 Nf6 3. Bc4 Nxe4 4. Qh5 Nd6 5. Bb3 Nc6 6. Nb5 g6 7. Qf3 f5 8.
Qd5 Qe7 9. Nxc7+ Kd8 10. Nxa8 b6 11. d3 Bb7 12. Nxb6 axb6 13. Qf3 Bg7 14.
Qg3 f4 15. Qg4 Nd4 16. Ba4 h5 17. Qh3 g5 18. f3 N6f5 19. c3 b5 20. cxd4 Nxd4
21. Bd1 Qb4+ 22. Kf1 Bf6 23. a4 Nb3 24. Qf5 Rf8 25. Bxb3 Qxb3 26. axb5
{Black resigns}
1-0

[Event "GambitGuide"]
[Site "Internet Chess Club"]
[Date "2014.10.31"]
[Round "1"]
[White "JSBach"]
[Black "pianoman"]
[Result "1-0"]
[ICCResult "Black resigns"]
[WhiteElo "1642"]
[BlackElo "2015"]
[Opening "Vienna: `Frankenstein-Dracula' variation"]
[ECO "C27"]
[NIC "VG.02"]
[Time "15:53:40"]
[TimeControl "120+12"]

1. e4 e5 2. Nc3 Nf6 3. Bc4 Nxe4 4. Qh5 Nd6 5. Bb3 Nc6 6. Nb5 g6 7. Qf3 f5 8.
Qd5 Qe7 9. Nxc7+ Kd8 10. Nxa8 b6 11. d3 Bb7 12. Nxb6 axb6 13. Qf3 Nd4 14.
Qh3 g5 15. Be3 Nxb3 16. Bxb6+ Kc8 17. axb3 g4 18. Qg3 h5 19. Ra5 Bg7 20. b4
h4 21. Rc5+ Kb8 22. Bc7+ Ka8 23. Ra5+ Ba6 24. Qe3 {Black resigns} 1-0

[Event "GambitGuide"]
[Site "Internet Chess Club"]
[Date "2014.10.31"]
[Round "1"]
[White "JSBach"]
[Black "VendingMachine"]
[Result "1-0"]
[ICCResult "Black resigns"]
[WhiteElo "1642"]
[BlackElo "1341"]
[Opening "Vienna: `Frankenstein-Dracula' variation"]
[ECO "C27"]
[NIC "VG.02"]
[Time "15:55:19"]
[TimeControl "120+12"]

1. e4 e5 2. Nc3 Nf6 3. Bc4 Nxe4 4. Qh5 Nd6 5. Bb3 Nc6 6. Nb5 g6 7. Qf3 f5 8.
Qd5 Qe7 9. Nxc7+ Kd8 10. Nxa8 b6 11. d3 Nd4 12. f4 Bb7 13. Qxe5 Bxg2 14. Be3
Qxe5 15. fxe5 Nxb3 16. axb3 Bxa8 17. Bxb6+ Ke7 18. exd6+ Kxd6 19. Bd4 Rg8
20. Ra6+ Kc7 21. Rxa7+ {Black resigns} 1-0

[Event "GambitGuide"]
[Site "Internet Chess Club"]
[Date "2014.10.31"]
[Round "1"]
[White "JSBach"]
[Black "Darienor"]
[Result "0-1"]
[ICCResult "White checkmated"]
[WhiteElo "1642"]
[BlackElo "2708"]
[Opening "Vienna: `Frankenstein-Dracula' variation"]
[ECO "C27"]
[NIC "VG.02"]
[Time "15:55:19"]
[TimeControl "120+12"]

1. e4 e5 2. Nc3 Nf6 3. Bc4 Nxe4 4. Qh5 Nd6 5. Bb3 Nc6 6. Nb5 g6 7. Qf3 f5 8.
Qd5 Qe7 9. Nxc7+ Kd8 10. Nxa8 b6 11. d3 Bb7 12. Nxb6 axb6 13. Qf3 Bg7 14.
Be3 Nd4 15. Qh3 g5 16. Rc1 h5 17. Ne2 g4 18. Qg3 h4 19. Bg5 Qxg5 20. Qe3
Qxe3 21. fxe3 Nxe2 22. Kxe2 Bxg2 23. Rhe1 Bf3+ 24. Kd2 g3 25. Rf1 e4 26.
hxg3 hxg3 27. d4 g2 28. Rg1 Rh1 29. Bd5 Bh6 30. c4 Bg5 31. c5 bxc5 32. dxc5
Nc8 33. a3 Bh4 34. c6 dxc6 35. Be6 Nd6 36. b4 Bf2 37. Rxc6 Rxg1 38. Rxd6+
Ke7 39. Bb3 Kxd6 40. a4 Rb1 41. Ba2 Rb2+ 42. Kc3 Rxa2 43. Kb3 Rxa4 44. Kxa4
g1=Q 45. b5 Qa1+ 46. Kb4 Qb2+ 47. Ka5 Kc5 48. Ka6 Qxb5+ 49. Ka7 Qb6+ 50. Ka8
Qa5+ 51. Kb7 Qb5+ 52. Kc7 f4 53. exf4 e3 54. f5 e2 55. Kd8 e1=Q 56. Kc8
Qee8+ 57. Kc7 Qb6# {White checkmated} 0-1

[Event "GambitGuide"]
[Site "Internet Chess Club"]
[Date "2014.10.31"]
[Round "1"]
[White "JSBach"]
[Black "VendingMachine"]
[Result "1-0"]
[ICCResult "Black resigns"]
[WhiteElo "1642"]
[BlackElo "1341"]
[Opening "Vienna: `Frankenstein-Dracula' variation"]
[ECO "C27"]
[NIC "VG.02"]
[Time "15:56:07"]
[TimeControl "120+12"]

1. e4 e5 2. Nc3 Nf6 3. Bc4 Nxe4 4. Qh5 Nd6 5. Bb3 Nc6 6. Nb5 g6 7. Qf3 f5 8.
Qd5 Qe7 9. Nxc7+ Kd8 10. Nxa8 b6 11. d3 Nd4 12. f4 Bb7 13. Qxe5 Bxg2 14. Be3
Nxb3 15. axb3 {Black resigns} 1-0

[Event "GambitGuide"]
[Site "Internet Chess Club"]
[Date "2014.10.31"]
[Round "1"]
[White "JSBach"]
[Black "Mateyou-01"]
[Result "1-0"]
[ICCResult "Black resigns"]
[WhiteElo "1642"]
[BlackElo "2203"]
[Opening "Vienna: `Frankenstein-Dracula' variation"]
[ECO "C27"]
[NIC "VG.02"]
[Time "15:56:12"]
[TimeControl "120+12"]

1. e4 e5 2. Nc3 Nf6 3. Bc4 Nxe4 4. Qh5 Nd6 5. Bb3 Nc6 6. Nb5 g6 7. Qf3 f5 8.
Qd5 Qe7 9. Nxc7+ Kd8 10. Nxa8 b6 11. d3 Bb7 12. Nxb6 axb6 13. Qf3 e4 14.
dxe4 Qxe4+ 15. Qxe4 fxe4 16. Be3 Nd4 17. Bxd4 Bg7 18. Bxg7 Rg8 19. Bf6+ Kc8
20. Bxg8 {Black resigns} 1-0

[Event "GambitGuide"]
[Site "Internet Chess Club"]
[Date "2014.10.31"]
[Round "1"]
[White "JSBach"]
[Black "pianoman"]
[Result "1/2-1/2"]
[ICCResult "Game drawn by repetition"]
[WhiteElo "1631"]
[BlackElo "2015"]
[Opening "Vienna: `Frankenstein-Dracula' variation"]
[ECO "C27"]
[NIC "VG.02"]
[Time "15:55:52"]
[TimeControl "120+12"]

1. e4 e5 2. Nc3 Nf6 3. Bc4 Nxe4 4. Qh5 Nd6 5. Bb3 Nc6 6. Nb5 g6 7. Qf3 f5 8.
Qd5 Qe7 9. Nxc7+ Kd8 10. Nxa8 b6 11. d3 Nd4 12. f4 Bg7 13. fxe5 Bxe5 14. Kd1
Bb7 15. Bg5 Bf6 16. Qxd4 Bxd4 17. Bxe7+ Kxe7 18. Nc7 Bxg2 19. Nd5+ Kd8 20.
Ne2 Bf2 21. Re1 Re8 22. Nf6 Re7 23. Nd5 Re8 24. Nf6 Re7 25. Nd5 Re8 26. Nf6
Re7 27. Nd5 Re8 28. Nf6 Re7 29. Nd5 Re8 30. Nf6 Re7 31. Nd5 Re8 32. Nf6
{Game drawn by repetition}
1/2-1/2